 Dungeon Crawl Stone Soup version 0.23-b1-3-gdda8187c6f (webtiles) character file.

Game seed: 16909710556524483413

59 Morbidden the Bolt Thrower (level 4, -4/34 HPs)
             Began as a Formicid Hunter on Jan 31, 2019.
             Slain by a worm (6 damage)
             ... on level 2 of the Dungeon.
             The game lasted 00:03:23 (1322 turns).

Morbidden the Bolt Thrower (Formicid Hunter)        Turns: 1322, Time: 00:03:24

Health: -4/34      AC: 10    Str: 17    XL:     4   Next: 22%
Magic:  4/4        EV: 12    Int: 11    God:
Gold:   85         SH:  0    Dex: 11    Spells: 3/3 levels left

rFire    . . .     SeeInvis +   b - +2 quarterstaff (protect)
rCold    . . .     Gourm    .   (no shield)
rNeg     . . .     Faith    .   c - +0 leather armour
rPois    .         Spirit   .   (helmet unavailable)
rElec    .         Reflect  .   (no cloak)
rCorr    .         Harm     .   (no gloves)
MR       .....                  (no boots)
Stlth    +.........             (no amulet)
HPRegen  0.11/turn              (no ring)
MPRegen  0.09/turn              (no ring)

@: protection aura
A: permanent stasis, dig shafts and tunnels, four strong arms, antennae 3
a: Dig, Shaft Self


You were on level 2 of the Dungeon.
You were not hungry.

You visited 1 branch of the dungeon, and saw 2 of its levels.

You collected 85 gold pieces.

Inventory:

Hand Weapons
 a - a +1 hand crossbow
 b - a +2 quarterstaff of protection (weapon)
Missiles
 d - 28 bolts
Armour
 c - a +0 leather armour (worn)
Scrolls
 e - 2 scrolls of remove curse {unknown}
 g - 4 scrolls of identify {unknown}
 i - a scroll of enchant weapon {unknown}
 j - a scroll of teleportation {unknown}
Comestibles
 f - 5 rations


   Skills:
 + Level 2.6 Fighting
 + Level 0.1 Staves
 * Level 4.9 Crossbows
 + Level 0.2 Armour
 + Level 2.3 Dodging
 + Level 1.3 Stealth


You had 3 spell levels left.
You didn't know any spells.
Your spell library was empty.

Dungeon Overview and Level Annotations

Branches:
Dungeon (2/15)

Altars:


Innate Abilities, Weirdness & Mutations

You cannot be hasted, slowed, berserked, paralysed or teleported.
You can dig through walls and to a lower floor.
Your four strong arms can wield two-handed weapons with a shield.
You have a pair of large antennae on your head. (SInv)


Message History

The bat hits you but does no damage. The worm bites you.
* * * LOW HITPOINT WARNING * * *
The bat hits you but does no damage.
Unknown command.
Unknown command.
Unknown command.
You thump the worm!
The worm is severely wounded.
You feel sick.
You are no longer poisoned.
The bat misses you.
The bat closely misses you. x2; The bat hits you.
* * * LOW HITPOINT WARNING * * *
Unknown command.
You sock the worm!
You kill the worm!
The bat hits you but does no damage. The bat completely misses you.
The bat closely misses you.
Unknown command.
The bat hits you but does no damage. The worm bites you.
You die...

###########..............#
.........................+
#####.....###..####........# .
##.........+...).............
..#..........####รท.####+#.....#
(................#.## #......
?....w.......###....# #......
...w.....###bw.#....## #......
.........# #.#@..b...# ###....
.............#....##+##+###....
........######.............
##....###..................
#.... #.................. #....
#.........###..#+##. #....
#.........# #.# #.......... {...
#........###{ ...


You could see a worm and 2 bats.

Vanquished Creatures
  2 adders (D:2)
  An ooze (D:2)
  A worm (D:2)
  A leopard gecko (D:1)
  2 giant cockroaches
  4 goblins (D:2)
  3 hobgoblins
  7 jackals
  2 kobolds
  A quokka (D:2)
  A ball python (D:1)
  A frilled lizard (D:1)
  4 rats
30 creatures vanquished.

Notes
Turn   | Place    | Note
-------+----------+-------------------------------------------
     0 | D:1      | Morbidden the Formicid Hunter began the quest for the Orb.
     0 | D:1      | Reached XP level 1. HP: 16/16 MP: 1/1
    59 | D:1      | Reached XP level 2. HP: 9/22 MP: 2/2
  1193 | D:2      | Reached XP level 3. HP: 28/28 MP: 3/3
  1317 | D:2      | Reached XP level 4. HP: 10/34 MP: 4/4
  1322 | D:2      | Slain by a worm

Skill      XL: |  1  2  3 |
---------------+----------+-----
Dodging        | 2 |  2.3
Fighting       | |  2.6
Staves         | |  0.1
Crossbows      | |  4.9
Armour         | |  0.2
Stealth        | |  1.3

Action                   |  1- 3 |  4- 6 || total
-------------------------+-------+-------++-------
Melee: Short sword       |    21 |       ||    21
       Quarterstaff      |    28 |     4 ||    32
 Fire: Hand crossbow     |    32 |       ||    32
  Use: Potion            |     1 |       ||     1
  Eat: Chunk             |     1 |       ||     1
Armor: Leather armour    |    31 |     6 ||    37
       Skin              |    49 |     3 ||    52
Dodge: Dodged            |    59 |     6 ||    65
